 Dungeon Crawl Stone Soup version 0.22.1-1-ga44c0e5 (webtiles) character file.

119 MrSolrac the Bolt Thrower (level 5, -4/32 HPs)
             Began as a Kobold Hunter on Oct 1, 2018.
             Slain by a goblin
             ... wielding a +0 dagger
              (5 damage)
             ... on level 2 of the Dungeon.
             The game lasted 00:10:38 (2004 turns).

MrSolrac the Bolt Thrower (Kobold Hunter)           Turns: 2004, Time: 00:10:39

Health: -4/32      AC:  5    Str: 11    XL:     5   Next: 24%
Magic:  5/5        EV: 14    Int: 12    God:
Gold:   76         SH:  0    Dex: 15    Spells: 4/4 levels left

rFire    . . .     SeeInvis .   b - +0 short sword
rCold    . . .     Gourm    .   (shield restricted)
rNeg     . . .     Faith    .   o - +0 ring mail
rPois    .         Spirit   .   (no helmet)
rElec    .         Reflect  .   (no cloak)
rCorr    .         Harm     .   (no gloves)
MR       .....                  (no boots)
Stlth    ++........             (no amulet)
HPRegen  0.10/turn              (no ring)
MPRegen  0.09/turn              (no ring)

@: no status effects
A: small, carnivore
a: no special abilities


You were on level 2 of the Dungeon.
You were completely stuffed.

You visited 1 branch of the dungeon, and saw 3 of its levels.

You collected 76 gold pieces.

Inventory:

Hand Weapons
 a - a +1 hand crossbow
 b - a +0 short sword (weapon)
Missiles
 d - a bolt
Armour
 o - a +0 ring mail (worn)
Jewellery
 g - a cursed -2 ring of dexterity {unknown}
 n - a +2 ring of protection {unknown}
Scrolls
 c - 2 scrolls of immolation {unknown}
 e - a scroll of remove curse {unknown}
 h - 2 scrolls of identify {unknown}
 i - a scroll of random uselessness {unknown}
 l - a scroll of teleportation {unknown}
Potions
 j - 2 potions of haste {unknown}
 k - a potion of curing {unknown}
 m - a potion of heal wounds {unknown}
 p - a potion of invisibility {unknown}
Comestibles
 f - 4 rations
 q - 4 chunks of flesh


   Skills:
 + Level 3.1 Fighting
 * Level 6.0 Crossbows
 + Level 3.4 Dodging
 + Level 3.1 Stealth


You had 4 spell levels left.
You didn't know any spells.
Your spell library was empty.

Dungeon Overview and Level Annotations

Branches:
Dungeon (3/15)

Altars:
Kikubaaqudgha
Nemelex Xobeh
Qazlal
Wu Jian

Annotations:
D:3 Grinder, Robin


Innate Abilities, Weirdness & Mutations

You are small and have problems with some larger weapons.
You are carnivorous and can eat meat at any time.


Message History

You hit the hobgoblin.
The hobgoblin is severely wounded.
The hobgoblin closely misses you. x2; The goblin barely misses you.
You hit the hobgoblin.
The hobgoblin is almost dead.
The hobgoblin hits you but does no damage.
The goblin hits you but does no damage. The hobgoblin hits you with a club.
You hit the hobgoblin but do no damage.
The hobgoblin is almost dead.
The hobgoblin barely misses you. The goblin hits you but does no damage.
The hobgoblin barely misses you.
You closely miss the hobgoblin.
The hobgoblin is almost dead.
The hobgoblin hits you. The goblin hits you but does no damage.
The hobgoblin hits you with a club!
* * * LOW HITPOINT WARNING * * *
You hit the hobgoblin.
You kill the hobgoblin!
The goblin hits you with a dagger.
You die...

##...##
###########.....##############
#[...................<.(......
#.#####.......(....####.......
#.##................# #.......
#.##.##.............###.......
#.##<##..#...........##.......
#.##.##..##.g.g.##...##.......
#........###.@)###...##.......
##....#)#.##.)## #...##.......
#.#.##........# #...#####.##.
#.##.#.#.##..## #...#####.##.
#.###...###.## #............
#.# ##.## #.# ##.##########
#.# #.# #.# #.# #.# #.####.##
#.# #.####..##...#####.#


You could see a hobgoblin and a goblin.

Vanquished Creatures
  An iguana (D:2)
  3 adders (D:2)
  2 worms (D:2)
  2 dart slugs
  2 leopard geckos (D:2)
  6 bats
  5 giant cockroaches
  7 goblins
  6 hobgoblins
  2 jackals (D:2)
  7 kobolds
  A ball python (D:2)
  4 frilled lizards
  7 rats
55 creatures vanquished.

Notes
Turn   | Place    | Note
-------+----------+-------------------------------------------
     0 | D:1      | MrSolrac the Kobold Hunter began the quest for the Orb.
     0 | D:1      | Reached XP level 1. HP: 12/12 MP: 1/1
    59 | D:1      | Reached skill level 5 in Crossbows
    97 | D:1      | Reached XP level 2. HP: 18/18 MP: 2/2
   543 | D:1      | Reached XP level 3. HP: 22/22 MP: 3/3
  1066 | D:2      | Reached XP level 4. HP: 27/27 MP: 4/4
  1514 | D:2      | Found a sparkling altar of Nemelex Xobeh.
  1514 | D:2      | Found an ornate altar of the Wu Jian Council.
  1520 | D:2      | Found a faded altar of an unknown god.
  1522 | D:2      | Found a stormy altar of Qazlal.
  1524 | D:2      | Found an ancient bone altar of Kikubaaqudgha.
  1662 | D:2      | Reached XP level 5. HP: 24/32 MP: 5/5
  1769 | D:3      | Noticed Grinder
  1890 | D:3      | Noticed Robin
  1905 | D:2      | Reached skill level 6 in Crossbows
  2003 | D:2      | HP: 1/32 [hobgoblin/club[Robin] (9)]
  2004 | D:2      | Slain by a goblin

Skill      XL: |  1  2  3  4  5 |
---------------+----------------+-----
Crossbows      | 5 6 |  6.0
Stealth        | 2 3 |  3.1
Dodging        | 3 |  3.4
Fighting       | 3 |  3.1

Action                   |  1- 3 |  4- 6 || total
-------------------------+-------+-------++-------
Melee: Short sword       |       |    39 ||    39
 Fire: Hand crossbow     |    63 |    37 ||   100
  Eat: Chunk             |     9 |     3 ||    12
Armor: Leather armour    |     4 |       ||     4
       Ring mail         |       |    33 ||    33
Dodge: Dodged            |    18 |    69 ||    87
